 Dungeon Crawl Stone Soup version 0.22-a0-374-g5dfd9e3 (webtiles) character file.

281564 nikopol the Sorcerer (level 19, -16/93 HPs)
             Began as a Deep Elf Fire Elementalist on Apr 25, 2018.
             Was the Champion of Vehumet.
             Killed from afar by a frost giant (43 damage)
             ... with a bolt of cold
             ... on level 1 of the Vaults on Apr 26, 2018.
             The game lasted 04:09:46 (47703 turns).

nikopol the Sorcerer (Deep Elf Fire Elementalist)  Turns: 47703, Time: 04:09:46

Health: -16/93     AC: 15    Str:  5    XL:     19   Next: 71%
Magic:  57/64      EV: 17    Int: 31    God:    Vehumet [******]
Gold:   1438       SH:  8    Dex: 15    Spells: 33/67 levels left

rFire    + + .     SeeInvis +   R - staff of power
rCold    x . .     Gourm    .   a - +2 buckler
rNeg     . . .     Faith    .   P - +2 robe {Archmagi}
rPois    +         Spirit   .   O - +3 crown of Dyrovepreva {rElec Int+2 SInv}
rElec    +         Reflect  .   q - +2 cloak {rPois}
rCorr    .         Harm     .   W - +1 pair of gloves
MR       ++...                  N - +2 pair of boots
Stlth    ++++......             K - amulet "Fouxzauku" {rElec rF+ Regen+ Stlth+}
HPRegen  0.65/turn              o - ring of fire
MPRegen  0.39/turn              b - ring of protection from magic

@: studying Armour
A: no striking features
}: 2/15 runes: serpentine, barnacled
a: Renounce Religion


You were on level 1 of the Vaults.
You worshipped Vehumet.
Vehumet was exalted by your worship.
You were not hungry.

You visited 7 branches of the dungeon, and saw 33 of its levels.
You also visited: Labyrinth and Volcano.

You collected 2943 gold pieces.
You spent 1505 gold pieces at shops.

Inventory:

Armour
 a - a +2 buckler (worn)
 q - a +2 cloak of poison resistance (worn)
 N - a +2 pair of boots (worn)
 O - the +3 crown of Dyrovepreva (worn) {rElec Int+2 SInv}
   (You found it in a labyrinth)

   It affects your intelligence (+2).
   It insulates you from electricity.
   It lets you see invisible.
 P - a +2 robe of the Archmagi (worn)
 W - a +1 pair of gloves (worn)
Magical Staves
 y - an uncursed staff of wizardry
 R - an uncursed staff of power (weapon)
Jewellery
 b - a ring of protection from magic (right hand)
 o - a ring of fire (left hand)
 K - the amulet "Fouxzauku" (around neck) {rElec rF+ Regen+ Stlth+}
   (You found it in a labyrinth)

   [amulet of regeneration]

   It protects you from fire.
   It insulates you from electricity.
   It increases your rate of regeneration.
   It makes you more stealthy.
 L - an uncursed ring of positive energy
 T - an uncursed ring of magical power
Wands
 j - a wand of acid (24)
 v - a wand of iceblast (29)
 A - a wand of paralysis (35)
 C - a wand of disintegration (28)
 F - a wand of clouds (4)
 G - a wand of flame (92)
 H - a wand of enslavement (15)
 J - a wand of digging (16)
 Y - a wand of polymorph (33)
Scrolls
 g - 18 scrolls of remove curse
 i - 17 scrolls of teleportation
 l - 4 scrolls of fog
 m - 11 scrolls of magic mapping
 n - 11 scrolls of amnesia
 r - 2 scrolls of summoning
 u - 8 scrolls of fear
 B - a scroll of enchant armour
 S - 2 scrolls of holy word
 V - 10 scrolls of identify
 X - 2 scrolls of blinking
Potions
 e - 5 potions of agility
 f - 4 potions of haste
 h - 11 potions of curing
 k - 4 potions of heal wounds
 p - 3 potions of might
 s - 2 potions of mutation
 t - 3 potions of flight
 w - 3 potions of brilliance
 z - 3 potions of invisibility
 D - 2 potions of ambrosia
 E - 4 potions of cancellation
 M - 2 potions of lignification {unknown}
 U - 4 potions of resistance
Books
 x - a manual of Armour
Miscellaneous
 I - a crystal ball of energy
 Q - a crystal ball of energy
Comestibles
 c - 36 rations
 d - 2 chunks of flesh


   Skills:
 + Level 2.0 Fighting
 + Level 7.4 Dodging
 + Level 5.6 Stealth
 + Level 7.7 Shields
 + Level 24.6 Spellcasting
 + Level 21.0 Conjurations
 + Level 0.2 Charms
 + Level 0.9 Translocations
 + Level 19.3 Fire Magic
 + Level 0.4 Air Magic
 + Level 8.0 Earth Magic
 + Level 0.9 Evocations


You had 33 spell levels left.
You knew the following spells:

 Your Spells              Type           Power        Failure   Level  Hunger
a - Flame Tongue          Conj/Fire      #####        0%          1    None
b - Throw Flame           Conj/Fire      ######       0%          2    None
c - Conjure Flame         Conj/Fire      ########     0%          3    None
d - Sticky Flame          Conj/Fire      ########     0%          4    None
e - Fireball              Conj/Fire      #########.   0%          5    None
f - Lightning Bolt        Conj/Air       ########..   1%          5    None
g - Swiftness             Chrm/Air       ######..     1%          2    None
h - Blink                 Tloc           N/A          1%          2    None
i - Force Lance           Conj/Tloc      ########     1%          4    None
j - Iron Shot             Conj/Erth      ########..   1%          6    None


Dungeon Overview and Level Annotations

Branches:
Dungeon (15/15)            Temple (1/1) D:4            Lair (6/6) D:8
 Shoals (4/4) Lair:4        Snake (4/4) Lair:3        Slime (0/5) Lair:5
    Orc (2/2) D:10            Elf (0/3) Orc:2        Vaults (1/5) D:13
 Depths (0/5) D:15

Altars:
Ashenzari
Cheibriados
Dithmenos
Elyvilon
Fedhas
Gozag
Hepliaklqana
Kikubaaqudgha
Makhleb
Nemelex Xobeh
Okawaru
Qazlal
Ru
Sif Muna
Trog
Uskayaw
Vehumet
Wu Jian
Xom
Zin
The Shining One
Beogh

Shops:
D:11 =   D:13 ?   Orc:1 ?   Orc:2 ([?[   Snake:1 }=}

Portals:
Trove: D:11 (give +5 fire dragon scales)


Message History

Press: ? - help, Shift-Dir - straight line, p - vault warden You feel a strong surge of power!
The fireball explodes!
The fireball engulfs the yaktaur captain simulacrum.
The yaktaur captain simulacrum melts!
The yaktaur captain simulacrum vapourises!
Vehumet accepts your kill.
You feel your power returning.
You hear a sizzling sound!
The fireball engulfs the raiju.
You kill the raiju!
Vehumet accepts your kill.
You feel your power returning.
The fireball engulfs the frost giant.
The frost giant is heavily wounded.
The fireball engulfs the vault warden.
You kill the vault warden!
Vehumet accepts your kill.
You feel your power returning. The frost giant casts a spell at you.
The bolt of cold hits you!
You feel a terrible chill!
You die...

#.....### #....# # #....
##################
#.......^.........
#................. ###
#.........*.......
C##...#.................
p..)..'@................
c.....#.....############
.oC## #.....# . #.....#
#.....# #.....# #.....#
#.....# #.....#


You could see an ironheart preserver, a frost giant, a fire giant, a yaktaur
captain and an orc knight.

Vanquished Creatures
  Vashnia (Snake:2)
  Saint Roka (Vaults:1)
  Jorgrun (Vaults:1)
  Asterion (Snake:1)
  A kraken (Shoals:4)
  A sphinx (D:14)
  Agnes (Snake:2)
  Frances (D:14)
  2 tengu reavers
  Ilsuiw (Shoals:4)
  10 nagarajas (Snake:4)
  A deep elf sorcerer (Vaults:1)
  A frost giant (D:14)
  3 vault wardens (Vaults:1)
  Aizul (Snake:1)
  Louise (D:14)
  An orc warlord (Orc:1)
  3 ironheart preservers (Vaults:1)
  Azrael (Orc:2)
  A minotaur (Lab)
  A red draconian (Volcano)
  5 merfolk javelineers (Shoals:4)
  5 merfolk impalers
  A fire dragon (Lair:6)
  3 yaktaur captains
  7 hydras
  A rakshasa (Vaults:1)
  6 vault guards
  3 merfolk avatars
  An ice dragon (Vaults:1)
  34 naga warriors
  8 centaur warriors
  4 ogre magi
  14 two-headed ogres
  2 merfolk aquamancers (Shoals:4)
  10 anacondas
  An alligator snapping turtle (Shoals:4)
  5 satyrs
  A tengu warrior (D:15)
  8 shock serpents
  3 orc high priests (Orc:2)
  30 naga sharpshooters
  A deep elf knight (Vaults:1)
  Sonja (Lair:3)
  A shadow wraith (Vaults:1)
  3 salamander mystics
  A fire crab (D:14)
  4 unseen horrors
  11 sea snakes
  6 harpies (Shoals:4)
  9 naga ritualists
  Pikel (D:3)
  An obsidian statue (Volcano)
  2 deep elf archers (Vaults:1)
  A lindwurm (Lair:6)
  9 deep elf magi
  10 ugly things
  3 wolf spiders (Vaults:1)
  16 fauns
  7 orc knights
  7 mana vipers
  8 manticores
  4 orc sorcerers
  3 centaur zombies
  18 salamanders
  2 vault sentinels (Vaults:1)
  10 cyclopes
  3 elephants (Lair:6)
  16 guardian serpents
  8 merfolk sirens
  Joseph (D:7)
  41 black mambas
  3 molten gargoyles (Lair:6)
  4 gargoyles
  8 water nymphs
  24 naga magi
  A torpor snail (Lair:6)
  5 rime drakes
  2 centaur skeletons
  10 spiny frogs
  8 komodo dragons
  2 freezing wraiths
  11 yaktaurs
  22 merfolk
  A minotaur skeleton (Lab)
  10 trolls
  7 wind drakes
  Prince Ribbit (Lair:1)
  A hornet (D:12)
  A raiju (shapeshifter) (Vaults:1)
  A slime creature (Lair:5)
  18 hippogriffs
  17 blink frogs
  10 dream sheep
  10 snapping turtles
  6 water elementals
  2 shadows
  A wraith (D:12)
  38 yaks
  5 fire bats (Volcano)
  8 wyverns
  2 redbacks (Lab)
  3 fire elementals (Orc:2)
  5 hungry ghosts
  2 basilisks (shapeshifter) (Vaults:1)
  7 basilisks
  7 vampire mosquitoes
  2 yaktaur simulacra (Vaults:1)
  2 steam dragons
  86 nagas
  A soldier ant (D:13)
  The ghost of Feta the Insei, an amateur OpTm (D:4)
  2 wargs (Orc:1)
  18 water moccasins
  An acid dragon (D:14)
  7 hell hounds
  8 porcupines
  A hornet zombie (D:11)
  2 ice beasts
  A black bear (D:7)
  35 orc warriors
  2 sky beasts
  An eye of draining (D:11)
  A phantom (D:8)
  26 wolves
  10 ogres
  7 boggarts
  12 crocodiles
  29 centaurs
  6 big kobolds
  11 bullfrogs
  4 scorpions
  A water moccasin skeleton (D:7)
  9 killer bees
  4 wights (D:13)
  3 howler monkeys
  An electric eel (D:10)
  13 lava snakes
  8 crimson imps
  2 bullfrog zombies
  8 hounds
  7 jellies
  4 quasits
  23 orc priests
  Crazy Yiuf (D:2)
  A bullfrog skeleton (D:4)
  Jessica (D:3)
  3 iguanas
  Ijyb (D:3)
  An iguana (shapeshifter) (Vaults:1)
  23 orc wizards
  7 worker ants
  4 hound zombies
  A howler monkey zombie (D:8)
  2 worker ant zombies
  Robin (D:2)
  14 adders
  19 gnolls
  A shadow imp (D:12)
  2 oozes
  2 adder skeletons (D:5)
  2 adder zombies
  4 worms
  A dart slug (D:2)
  6 leopard geckos
  77 orcs
  A ball python (D:5)
  3 giant cockroaches
  13 goblins
  8 hobgoblins
  5 quokkas
  7 bats
  5 frilled lizards
  A giant cockroach zombie (D:5)
  53 kobolds
  A quokka zombie (D:6)
  13 rats
  A bush (Lair:5)
  2 fungi (Lair:5)
  8 plants
1312 creatures vanquished.

Vanquished Creatures (others)
  A salamander (Snake:1)
  2 quokkas (D:4)
  2 bushes
  9 fungi
  23 plants
  4 tentacles (Shoals:4)
41 creatures vanquished.

Grand Total: 1353 creatures vanquished

Notes
Turn   | Place    | Note
-------+----------+-------------------------------------------
     0 | D:1      | nikopol the Deep Elf Fire Elementalist began the quest for the Orb.
     0 | D:1      | Reached XP level 1. HP: 10/10 MP: 6/6
   284 | D:1      | Reached XP level 2. HP: 15/15 MP: 6/8
   288 | D:1      | Learned a level 2 spell: Throw Flame
   984 | D:2      | Reached XP level 3. HP: 19/19 MP: 5/10
   989 | D:2      | Learned a level 3 spell: Conjure Flame
  1348 | D:2      | Reached XP level 4. HP: 24/24 MP: 4/11
  1368 | D:1      | Reached skill level 4 in Spellcasting
  1499 | D:2      | Found a snail-covered altar of Cheibriados.
  1674 | D:2      | Found a glowing golden altar of the Shining One.
  1870 | D:2      | Found a runed door.
  1874 | D:2      | Noticed Crazy Yiuf
  1881 | D:2      | Killed Crazy Yiuf
  1881 | D:2      | Reached skill level 5 in Spellcasting
  1881 | D:2      | Reached XP level 5. HP: 28/28 MP: 3/14
  1887 | D:2      | Learned a level 4 spell: Sticky Flame
  2082 | D:2      | Found a deep blue altar of Sif Muna.
  2082 | D:2      | Noticed Robin
  2093 | D:2      | Killed Robin
  2381 | D:3      | Noticed Ijyb
  2384 | D:3      | Killed Ijyb
  3030 | D:3      | Noticed Jessica
  3034 | D:3      | Killed Jessica
  3117 | D:3      | Reached skill level 5 in Fire Magic
  3347 | D:3      | Reached XP level 6. HP: 28/32 MP: 10/16
  3355 | D:3      | Learned a level 5 spell: Fireball
  3564 | D:2      | Reached skill level 6 in Spellcasting
  4165 | D:4      | Noticed Pikel
  4165 | D:4      | Noticed a slave
  4165 | D:4      | Noticed a slave
  4300 | D:4      | Noticed a slave
  4359 | D:4      | Found a staircase to the Ecumenical Temple.
  4368 | Temple   | Entered the Ecumenical Temple
  4512 | Temple   | Became a worshipper of Vehumet
  4551 | D:4      | Noticed a slave
  4796 | D:3      | Killed Pikel
  4796 | D:3      | Reached skill level 1 in Fighting
  4796 | D:3      | Reached skill level 7 in Spellcasting
  4796 | D:3      | Reached XP level 7. HP: 5/38 MP: 0/20
  5160 | D:4      | Noticed Feta's ghost (amateur OpTm)
  5169 | D:4      | Killed Feta's ghost
  5169 | D:4      | Reached skill level 8 in Spellcasting
  5169 | D:4      | Reached XP level 8. HP: 43/43 MP: 8/22
  5394 | D:4      | Reached skill level 5 in Conjurations
  6068 | D:5      | Entered Level 5 of the Dungeon
  6108 | D:5      | Reached skill level 9 in Spellcasting
  6359 | D:5      | Reached * piety under Vehumet
  6359 | D:5      | Offered knowledge of Freeze by Vehumet.
  6413 | D:5      | Found a deep blue altar of Sif Muna.
  7416 | D:6      | Found a bloodstained altar of Trog.
  7761 | D:7      | Reached XP level 9. HP: 44/47 MP: 13/24
  7887 | D:7      | Noticed Joseph
  7899 | D:7      | Killed Joseph
  7899 | D:7      | Reached skill level 10 in Spellcasting
  8041 | D:7      | Found an ornate altar of the Wu Jian Council.
  8046 | D:7      | Found a sacrificial altar of Ru.
  8048 | D:7      | Found a shimmering altar of Xom.
  8063 | D:7      | Found a shattered altar of Ashenzari.
  8454 | D:7      | Reached skill level 11 in Spellcasting
  8466 | D:7      | Reached ** piety under Vehumet
  8466 | D:7      | Offered knowledge of Sandblast by Vehumet.
  8869 | D:7      | Found a burning altar of Makhleb.
  9009 | D:7      | Noticed a balrug
  9013 | D:7      | Noticed a smoke demon
  9078 | D:7      | Reached XP level 10. HP: 52/52 MP: 17/27
  9424 | D:8      | Learned a level 5 spell: Lightning Bolt
  9427 | D:8      | Learned a level 2 spell: Swiftness
  9617 | D:8      | Noticed a two-headed ogre
  9621 | D:8      | Killed a two-headed ogre
  9621 | D:8      | Reached skill level 12 in Spellcasting
  9621 | D:8      | Reached skill level 10 in Fire Magic
  9628 | D:8      | Noticed a two-headed ogre
  9651 | D:8      | Killed a two-headed ogre
  9793 | D:8      | Found a white marble altar of Elyvilon.
  9835 | D:8      | Offered knowledge of Throw Frost by Vehumet.
 10228 | D:8      | Reached *** piety under Vehumet
 10228 | D:8      | Reached skill level 13 in Spellcasting
 10263 | D:8      | Found a staircase to the Lair.
 10637 | D:8      | Noticed a three-headed hydra
 10650 | D:8      | Killed a three-headed hydra
 10650 | D:8      | Reached XP level 11. HP: 22/56 MP: 6/30
 10886 | D:8      | Reached skill level 5 in Dodging
 11032 | D:8      | Offered knowledge of Force Lance by Vehumet.
 11037 | D:8      | Learned a level 2 spell: Blink
 11042 | D:8      | Learned a level 4 spell: Force Lance
 11973 | Lair:1   | Entered Level 1 of the Lair of Beasts
 12180 | Lair:1   | Reached skill level 14 in Spellcasting
 12750 | Lair:1   | Found an ancient bone altar of Kikubaaqudgha.
 12911 | Lair:1   | Noticed Prince Ribbit
 12919 | Lair:1   | Killed Prince Ribbit
 12924 | Lair:1   | Reached skill level 10 in Conjurations
 12932 | Lair:1   | Reached **** piety under Vehumet
 13206 | Lair:2   | Offered knowledge of Dazzling Spray by Vehumet.
 13537 | Lair:2   | Noticed an eight-headed hydra
 13555 | Lair:2   | Killed an eight-headed hydra
 13558 | Lair:2   | Reached skill level 15 in Spellcasting
 14113 | Lair:2   | Reached XP level 12. HP: 61/61 MP: 23/33
 14923 | Lair:3   | Found a labyrinth entrance.
 14938 | Lab      | Entered a labyrinth
 15135 | Lab      | Found an exit through the horrors of the Abyss.
 15349 | Lab      | Found an exit through the horrors of the Abyss.
 15730 | Lab      | Found an exit through the horrors of the Abyss.
 16103 | Lab      | Found an exit through the horrors of the Abyss.
 16109 | Lab      | Found an exit through the horrors of the Abyss.
 16557 | Lab      | Noticed a minotaur
 16564 | Lab      | Killed a minotaur
 16569 | Lab      | Found the +3 crown of Dyrovepreva {rElec Int+2 SInv}
 16569 | Lab      | Got a brightly glowing platinum amulet
 16592 | Lair:3   | Identified the amulet "Fouxzauku" {rElec rF+ Regen+ Stlth+} (You found it in a labyrinth)
 16689 | Lair:3   | Noticed Sonja
 16691 | Lair:3   | Killed Sonja
 16691 | Lair:3   | Reached skill level 5 in Stealth
 16833 | Lair:3   | Got a translucent hand axe
 16834 | Lair:3   | Identified the +9 hand axe "Saelyju" {drain, *Noise +Rage rElec Dex+10} (You found it on level 3 of the Lair of Beasts)
 16966 | Lair:3   | Found a staircase to the Snake Pit.
 17405 | Lair:4   | Found a glowing silver altar of Zin.
 17848 | Lair:4   | Reached skill level 16 in Spellcasting
 17980 | Lair:4   | Found a staircase to the Shoals.
 18291 | Lair:5   | Noticed an eight-headed hydra
 18294 | Lair:5   | Killed an eight-headed hydra
 18767 | Lair:5   | Found a staircase to the Slime Pits.
 19042 | Lair:5   | Upgraded the game from 0.22-a0-373-gab1296c to 0.22-a0-374-g5dfd9e3
 19050 | Lair:5   | Reached ***** piety under Vehumet
 19155 | Lair:5   | Noticed a six-headed hydra
 19171 | Lair:5   | Killed a six-headed hydra
 19171 | Lair:5   | Offered knowledge of Iron Shot by Vehumet.
 19456 | Lair:5   | Learned a level 6 spell: Iron Shot
 19682 | Lair:6   | Entered Level 6 of the Lair of Beasts
 19721 | Lair:6   | Reached XP level 13. HP: 65/65 MP: 24/35
 19750 | Lair:6   | Reached skill level 17 in Spellcasting
 19844 | Lair:6   | Found a dark tunnel.
 19938 | Volcano  | Entered a volcano
 20273 | Volcano  | Reached skill level 1 in Earth Magic
 20323 | Volcano  | Noticed a red draconian
 20398 | Volcano  | Killed a red draconian
 20677 | Volcano  | Found a burning altar of Makhleb.
 21399 | Lair:6   | Reached skill level 18 in Spellcasting
 21822 | Lair:6   | Reached skill level 15 in Conjurations
 22202 | Lair:6   | Reached XP level 14. HP: 71/71 MP: 21/38
 22535 | Lair:6   | Found a large runed door.
 22537 | Lair:6   | Found a large runed door.
 23047 | D:10     | Entered Level 10 of the Dungeon
 23742 | D:10     | Offered knowledge of Conjure Ball Lightning by Vehumet.
 23988 | D:10     | Found a staircase to the Orcish Mines.
 24055 | Orc:1    | Entered Level 1 of the Orcish Mines
 24164 | Orc:1    | Noticed an orc warlord
 24168 | Orc:1    | Killed an orc warlord
 24168 | Orc:1    | Reached skill level 5 in Earth Magic
 24681 | Orc:2    | Entered Level 2 of the Orcish Mines
 24972 | Orc:1    | Found Ivvurunec's Magic Scroll Shop.
 25807 | Orc:2    | Reached skill level 19 in Spellcasting
 26003 | Orc:2    | Found Nibiqit's Antique Armour Boutique.
 26003 | Orc:2    | Found Soxkyn's Weapon Shoppe.
 26074 | Orc:2    | Found Ivaki's Armour Boutique.
 26074 | Orc:2    | Found Xedutofa's Magic Scroll Shoppe.
 26101 | Orc:2    | Bought a pair of glowing boots for 277 gold pieces
 26112 | Orc:2    | Bought a scroll of identify for 28 gold pieces
 26112 | Orc:2    | Bought a scroll of identify for 28 gold pieces
 26112 | Orc:2    | Bought a scroll of blinking for 105 gold pieces
 26176 | Orc:2    | Found a roughly hewn altar of Beogh.
 26206 | Orc:2    | Noticed Azrael
 26210 | Orc:2    | Killed Azrael
 26377 | Orc:2    | Found a staircase to the Elven Halls.
 26698 | Orc:1    | Bought a scroll of blinking for 112 gold pieces
 26929 | D:11     | Found Kiqe Tio's Jewellery Boutique.
 26943 | D:11     | Offered knowledge of Bolt of Fire by Vehumet.
 26991 | D:11     | Found a portal to a secret trove of treasure.
 28395 | D:12     | Offered knowledge of Ozocubu's Refrigeration by Vehumet.
 29368 | D:13     | Reached XP level 15. HP: 75/75 MP: 35/40
 29670 | D:13     | Offered knowledge of Spellforged Servitor by Vehumet.
 30067 | D:13     | Found a gate to the Vaults.
 30192 | D:13     | Reached skill level 15 in Fire Magic
 30227 | D:13     | Found Xoasok's Magic Scroll Emporium.
 30238 | D:13     | Bought 3 scrolls of blinking for 315 gold pieces
 30238 | D:13     | Bought a scroll of summoning for 133 gold pieces
 30517 | D:14     | Reached skill level 20 in Spellcasting
 30949 | D:14     | Noticed Louise
 30956 | D:14     | Killed Louise
 31298 | D:14     | Noticed a frost giant
 31300 | D:14     | Noticed a tengu reaver
 31301 | D:14     | Killed a frost giant
 31301 | D:14     | Killed a tengu reaver
 31302 | D:14     | Noticed a sphinx
 31306 | D:14     | Killed a sphinx
 31486 | D:14     | Noticed Frances
 31509 | D:14     | Killed Frances
 31916 | D:15     | Entered Level 15 of the Dungeon
 32298 | D:15     | Found a staircase to the Depths.
 32491 | D:15     | Found a sparkling altar of Nemelex Xobeh.
 32505 | D:15     | Found a shadowy altar of Dithmenos.
 33454 | Snake:1  | Entered Level 1 of the Snake Pit
 33462 | Snake:1  | Reached XP level 16. HP: 78/80 MP: 21/42
 33463 | Snake:1  | Reached skill level 1 in Shields
 33709 | Snake:1  | Noticed Asterion
 33713 | Snake:1  | Killed Asterion
 33730 | Snake:1  | Reached skill level 21 in Spellcasting
 33886 | Snake:1  | Offered knowledge of Orb of Destruction by Vehumet.
 34242 | Snake:1  | Found Puix's Gadget Emporium.
 34242 | Snake:1  | Found Irie's Jewellery Shop.
 34243 | Snake:1  | Found Geynupp's Gadget Emporium.
 34521 | Snake:1  | Noticed Aizul
 34524 | Snake:1  | Killed Aizul
 36064 | Snake:2  | Found an ornate altar of the Wu Jian Council.
 36099 | Snake:2  | Noticed Agnes
 36107 | Snake:2  | Killed Agnes
 36117 | Snake:2  | Noticed Vashnia
 36120 | Snake:2  | HP: 4/80 [poisoned by Vashnia (splash of poison)]
 36211 | Snake:2  | Killed Vashnia
 36585 | Snake:2  | Reached ****** piety under Vehumet
 36665 | Snake:2  | Offered knowledge of Poison Arrow by Vehumet.
 36908 | Snake:2  | Reached XP level 17. HP: 84/84 MP: 44/44
 36984 | Snake:3  | Reached skill level 22 in Spellcasting
 37164 | Snake:3  | Reached skill level 5 in Shields
 38582 | Snake:4  | Entered Level 4 of the Snake Pit
 39042 | Snake:4  | Offered knowledge of Glaciate by Vehumet.
 39042 | Snake:4  | Offered knowledge of Shatter by Vehumet.
 39042 | Snake:4  | Offered knowledge of Tornado by Vehumet.
 40545 | Snake:4  | Reached XP level 18. HP: 62/89 MP: 24/46
 40959 | Snake:4  | Reached skill level 23 in Spellcasting
 42047 | Snake:4  | Got a serpentine rune of Zot
 42425 | Orc:1    | Bought a scroll of enchant armour for 112 gold pieces
 42425 | Orc:1    | Bought a scroll of fear for 52 gold pieces
 42477 | Orc:2    | Bought a scroll of enchant armour for 105 gold pieces
 42477 | Orc:2    | Bought a scroll of summoning for 133 gold pieces
 42665 | D:13     | Bought a scroll of enchant armour for 105 gold pieces
 42891 | Shoals:1 | Entered Level 1 of the Shoals
 44844 | Shoals:4 | Entered Level 4 of the Shoals
 45390 | Shoals:4 | Reached XP level 19. HP: 93/93 MP: 48/48
 45486 | Shoals:4 | Got a barnacled rune of Zot
 45809 | Shoals:4 | Identified the Compendium of the Snowflakes and Transmutation
 45813 | Shoals:4 | Noticed Ilsuiw
 45821 | Shoals:4 | Killed Ilsuiw
 45823 | Shoals:4 | Reached skill level 24 in Spellcasting
 46729 | Vaults:1 | Entered Level 1 of the Vaults
 46775 | Vaults:1 | Noticed Saint Roka
 46779 | Vaults:1 | Killed Saint Roka
 47515 | Vaults:1 | Noticed Jorgrun
 47521 | Vaults:1 | Killed Jorgrun
 47703 | Vaults:1 | Killed from afar by a frost giant

Vault maps used:
D:1:      lightli_arrival_noodles, serial_forest, infiniplex_forest_corner_1,
          infiniplex_forest_end_1, infiniplex_forest_straight_4,
          infiniplex_forest_lined_4_way, infiniplex_forest_fountain,
          infiniplex_forest_clump_medium, infiniplex_forest_pool
D:2:      lemuel_round_altar, marbit_many_paths, led_sif_pool,
          uniq_crazy_yiuf_cottage, uniq_robin
D:3:      minmay_goblin_kobold_castle, first_ration, uniq_jessica, uniq_ijyb
D:4:      minmay_temple_entry_statues_fountains, small_statue_intersection,
          hangedman_decor_lopped, uniq_pikel
D:5:      nicolae_overflow_crystal_walls, bh_walls_and_bars
D:6:      bloody_trog
D:7:      wad_guarded_room, makhleb_altar_promises_db, minitemple, uniq_joseph
D:8:      lemuel_coloured_pillars_altar, minmay_lair_entry_grove,
          hangedman_ranch
D:10:     erik_orc_2
D:11:     serial_shops, shop_statue, enter_trove_0
D:13:     grunt_vaults_entry_fortified, serial_shops, shop
D:14:     kennysheep_cross_room, minmay_checkered_concentric_circles,
          uniq_louise, uniq_frances
D:15:     grunt_enter_depths_snipers, nemelex_xobeh_ov_fountains_minmay,
          serial_co_window_serial, co_window_cross_1,
          co_window_of_opportunity_a, co_window_corner_a, co_window_corner_a,
          co_window_corner_a, co_window_paths_a, co_window_paths_a,
          co_window_corner_cb, co_window_corner_cb, co_window_of_opportunity_b,
          co_window_corner_b, co_window_broadway_b, co_window_paths_d,
          glass_columns_a, glass_columns_a, glass_columns_b,
          nicolae_dithmenos_the_darkroom
Temple:   nicolae_temple_figure_eight
Lair:1:   basic_altar, uniq_prince_ribbit2
Lair:2:   lemuel_fruit_fields, grunt_megastairs_3
Lair:3:   beast_lair_carwin_large_3, guppyfry_snake_entry_garden,
          lab_entry_generic, minivault_26, lemuel_fruit_tree,
          infiniplex_staircase_pool_2, lemuel_fruit_fields, lemuel_fruit_fields,
          uniq_sonja
Lair:4:   minmay_shoals_entry_hut, basic_altar, minivault_23,
          lemuel_fruit_fields
Lair:5:   minmay_slime_entry_pillars, serial_bayou_shore_a
Lair:6:   cheibrodos_lair_end_hotspot, enter_volcano_3
Shoals:1: nicolae_shoals_arrival_archipelago
Shoals:2: yaktaur_hedge
Shoals:4: shoals_end_simple, shoal_ilsuiw
Snake:1:  hangedman_venom_bottle, minmay_shop_grove, uniq_asterion, uniq_aizul
Snake:2:  portal_ice_cave_entry_pillars_1, basic_altar, uniq_agnes, uniq_vashnia
Snake:3:  nrook_guardian_serpent_snake_passage, special_room
Snake:4:  grunt_snake_rune_spirals
Orc:1:    serial_shops, nicolae_shop_stone
Orc:2:    grunt_orc_tribal_feast, basic_altar, uniq_azrael
Vaults:1: nicolae_vaults_diagonal_hallway_7, nicolae_vaults_puzzle_piece,
          vaults_mumra_minichess_inversion, nicolae_vaults_little_squares_2,
          hangedman_vaults_restitches, dpeg_vaults_pockets_of_resistance,
          v_misc_29, vaults_dpeg_ring, v_misc_30, nicolae_vaults_rhombus_5,
          hangedman_vaults_snaps, nicolae_vaults_little_squares_1, uniq_jorgrun,
          uniq_saint_roka, uniq_donald
Lab:      labyrinth_skeletal_remains, nicolae_lab_arrow,
          nicolae_lab_flowing_pool
Volcano:  volcano_grotto

Skill      XL: |  1  2  3  4  5  6  7  8  9 10 11 12 13 14 15 16 17 18 19 |
---------------+----------------------------------------------------------+-----
Fire Magic     | 4 5 6 7 9 10 11 13 14 15 16 17 18 19 | 19.3
Conjurations   | 2 4 5 7 9 10 13 15 16 17 18 19 20 21 | 21.0
Spellcasting   | 5 7 8 9 11 13 15 16 18 19 20 21 22 23 24 | 24.6
Dodging        | 3 4 5 6 7 |  7.4
Fighting       | 1 2 |  2.0
Stealth        | 3 4 5 |  5.6
Earth Magic    | 4 6 7 8 |  8.0
Shields        | 4 6 7 |  7.7
Charms         | |  0.2
Translocations | |  0.9
Air Magic      | |  0.4
Evocations     | |  0.9

Action                   |  1- 3 |  4- 6 |  7- 9 | 10-12 | 13-15 | 16-18 | 19-21 || total
-------------------------+-------+-------+-------+-------+-------+-------+-------++-------
Melee: Dagger            |     6 |       |     1 |       |       |       |       ||     7
       Unarmed           |     1 |       |       |       |       |       |       ||     1
       Short sword       |    14 |     5 |       |       |       |       |       ||    19
       Staff             |       |       |       |     2 |       |     1 |       ||     3
 Cast: Flame Tongue      |    64 |   151 |   161 |   350 |   322 |    62 |     1 ||  1111
       Throw Flame       |     1 |    20 |    13 |    55 |    79 |     5 |       ||   173
       Conjure Flame     |       |    10 |     6 |    16 |    13 |     4 |     1 ||    50
       Sticky Flame      |       |    11 |    10 |    69 |    56 |    34 |     2 ||   182
       Fireball          |       |       |    14 |    61 |   161 |   581 |   155 ||   972
       Lightning Bolt    |       |       |       |     5 |       |       |       ||     5
       Force Lance       |       |       |       |    12 |       |       |       ||    12
       Iron Shot         |       |       |       |     1 |   177 |    66 |     4 ||   248
       Blink             |       |       |       |     1 |       |     2 |       ||     3
       Swiftness         |       |       |       |       |     1 |       |       ||     1
Evoke: Wand              |       |       |     6 |       |       |     1 |       ||     7
  Use: Scroll            |     3 |     4 |     1 |    20 |     9 |    13 |       ||    50
       Potion            |       |     2 |       |     1 |     2 |     3 |       ||     8
  Eat: Chunk             |     1 |    11 |    14 |    27 |    35 |    18 |     7 ||   113
       Ration            |       |       |     1 |     2 |     4 |     5 |       ||    12
Armor: Robe              |     8 |    14 |    12 |    26 |    38 |    53 |     5 ||   156
Dodge: Dodged            |    20 |    37 |    25 |    76 |    83 |    90 |    19 ||   350
Block: Other             |       |       |     5 |    19 |    28 |       |       ||    52
       Reflection        |       |       |       |     2 |     4 |       |       ||     6
       Buckler           |       |       |       |       |       |    30 |     7 ||    37

Table legend:
 A = Spawn XP
 B = Non-spawn XP
 C = Spawn XP percentage of total XP
 D = Spawn monster count
 E = Non-spawn monster count
 F = Spawn count percentage of total count
 G = Total turns spent on level
                    A         B        C        D         E        F      G
               +---------+---------+-------+---------+---------+-------+---------
         Total |       0 |  446411 |   0.0 |       0 |    1301 |   0.0 | 47703
               +---------+---------+-------+---------+---------+-------+---------
           D:1 |       0 |      49 |   0.0 |       0 |      17 |   0.0 |  1072
           D:2 |       0 |     282 |   0.0 |       0 |      40 |   0.0 |  1286
           D:3 |       0 |     893 |   0.0 |       0 |      60 |   0.0 |  2293
           D:4 |       0 |     644 |   0.0 |       0 |      17 |   0.0 |  1251
           D:5 |       0 |     640 |   0.0 |       0 |      22 |   0.0 |   820
           D:6 |       0 |     156 |   0.0 |       0 |       6 |   0.0 |   921
           D:7 |       0 |    3059 |   0.0 |       0 |      37 |   0.0 |  1724
           D:8 |       0 |    6867 |   0.0 |       0 |      45 |   0.0 |  1660
           D:9 |       0 |    1253 |   0.0 |       0 |      19 |   0.0 |   940
          D:10 |       0 |    2388 |   0.0 |       0 |      40 |   0.0 |  1198
          D:11 |       0 |    5255 |   0.0 |       0 |      51 |   0.0 |  1143
          D:12 |       0 |    7350 |   0.0 |       0 |      44 |   0.0 |  1489
          D:13 |       0 |   14528 |   0.0 |       0 |      45 |   0.0 |  1281
          D:14 |       0 |   25092 |   0.0 |       0 |      49 |   0.0 |  1519
          D:15 |       0 |   13870 |   0.0 |       0 |      22 |   0.0 |  1348
        Lair:1 |       0 |    3835 |   0.0 |       0 |      17 |   0.0 |  1256
        Lair:2 |       0 |    5868 |   0.0 |       0 |      29 |   0.0 |  1882
        Lair:3 |       0 |    2692 |   0.0 |       0 |      16 |   0.0 |   879
        Lair:4 |       0 |    2672 |   0.0 |       0 |      14 |   0.0 |  1581
        Lair:5 |       0 |    7139 |   0.0 |       0 |      26 |   0.0 |  1099
        Lair:6 |       0 |   22800 |   0.0 |       0 |      75 |   0.0 |  2282
      Shoals:1 |       0 |   10357 |   0.0 |       0 |      25 |   0.0 |   788
      Shoals:2 |       0 |    9069 |   0.0 |       0 |      19 |   0.0 |   656
      Shoals:3 |       0 |    8649 |   0.0 |       0 |      18 |   0.0 |   991
      Shoals:4 |       0 |   43952 |   0.0 |       0 |      72 |   0.0 |  1164
       Snake:1 |       0 |   31804 |   0.0 |       0 |      62 |   0.0 |  2339
       Snake:2 |       0 |   32068 |   0.0 |       0 |      49 |   0.0 |  1120
       Snake:3 |       0 |   21849 |   0.0 |       0 |      42 |   0.0 |  1791
       Snake:4 |       0 |   89839 |   0.0 |       0 |     150 |   0.0 |  3419
         Orc:1 |       0 |    3673 |   0.0 |       0 |      33 |   0.0 |   924
         Orc:2 |       0 |   12083 |   0.0 |       0 |      47 |   0.0 |  1927
      Vaults:1 |       0 |   46783 |   0.0 |       0 |      69 |   0.0 |   974
           Lab |       0 |    2154 |   0.0 |       0 |       5 |   0.0 |  1650
       Volcano |       0 |    6799 |   0.0 |       0 |      19 |   0.0 |   870
               +---------+---------+-------+---------+---------+-------+---------
